 Dungeon Crawl Stone Soup version 0.31.0-11-ge490571c62 (webtiles) character file.

Game seed: 13440843341695490672

15 Esekla the Grasshopper (level 2, -3/15 HPs)
             Began as a Vine Stalker Warper on Jan 31, 2024.
             Slain by a gnoll
             ... wielding a +0 flail
              (10 damage)
             ... on level 1 of the Dungeon.
             The game lasted 00:01:32 (179 turns).

Esekla the Grasshopper (Vine Stalker Warper)         Turns: 179, Time: 00:01:33

Health: -3/15      AC:  3    Str: 13    XL:     2   Next: 50%
Magic:  0/6        EV: 11    Int: 13    God:
Gold:   38         SH:  0    Dex: 13    Spells: 3/5 levels left

rFire   . . .        a - +0 falchion
rCold   . . .        (no shield)
rNeg    . . .        b - +0 leather armour
rPois   .            (no helmet)
rElec   .            (no cloak)
rCorr   .            (no gloves)
SInv    .            (no boots)
Will    .....        (no amulet)
Stlth   +            (no ring)
HPRegen 1.02/turn    (no ring)
MPRegen 0.10/turn

%: guardian spirit
@: on blink cooldown
A: fangs 2, regeneration 1, magic shield, antimagic bite, no potion heal 2
a: no special abilities


You were on level 1 of the Dungeon.
You visited 1 branch of the dungeon, and saw 1 of its levels.

You collected 38 gold pieces.

Inventory:

Hand Weapons
 a - a +0 falchion (weapon)
Missiles
 d - 7 darts of dispersal (quivered)
 g - 6 atropa-tipped darts
Armour
 b - a +0 leather armour (worn)
Scrolls
 c - a scroll of blinking
 e - a scroll of poison {unknown}
Potions
 f - a potion of heal wounds {unknown}


   Skills:
 * Level 2.1 Fighting
 + Level 2.0 Long Blades
 + Level 0.8 Throwing
 - Level 0.7 Armour
 + Level 1.8 Dodging
 * Level 2.3 Spellcasting
 + Level 3.1 Translocations


You had 3 spell levels left.
You knew the following spells:

 Your Spells              Type           Power      Damage    Failure   Level
b - Blink                 Tloc           18%        N/A       13%         2

Your spell library contained the following spells:

 Spells                   Type           Power      Damage    Failure   Level
 Lesser Beckoning         Tloc           18%        N/A       13%         2
 Teleport Other           Tloc           9%         N/A       26%         3
 Manifold Assault         Tloc           9%         N/A       65%         4
 Vhi's Electric Charge    Tloc/Air       10%        N/A       86%         4


Dungeon Overview and Level Annotations

Branches:
Dungeon (1/15)

Altars:


Innate Abilities, Weirdness & Mutations

You have extremely sharp teeth.
Your natural rate of healing is unusually fast.
When hurt, damage is shared between your health and your magic reserves.
Your bite disrupts and absorbs the magic of your enemies.
Potions cannot restore your health.


Message History

a +0 dagger; a goblin corpse
e - a scroll labelled GYZXOGG GYALYX
Found a stone staircase leading down.
A quokka comes into view.
Found a gluggy clear potion.
Found 13 gold pieces.
You hit the quokka.
You kill the quokka!
You now have 26 gold pieces (gained 13).
f - a gluggy clear potion You open the door.
There is an open door here.
g - 6 atropa-tipped darts
Found a clear potion.
A bat comes into view.
The bat completely misses you.
You slash the bat!
You kill the bat!
Your Long Blades skill increases to level 2!
You open the door.
There is an open door here.
A rat and a gnoll come into view.
The rat squeaks loudly.
An endoplasm comes into view.
Found 4 stones.
Found an escape hatch in the floor.
A quokka comes into view.
The quokka moves out of view.
You see here 12 gold pieces.
You now have 38 gold pieces (gained 12).
The endoplasm quivers.
Casting: Blink (safe; 13% risk of failure)
Confirm with . or Enter, or press ? or * to list all spells.
You blink.
The rat bites you but does no damage. The gnoll attacks as it pursues you!
The gnoll hits you with a +0 flail!
Ouch! That really hurt!
The endoplasm closely misses you. The gnoll attacks as it pursues you!
The gnoll hits you with a +0 flail!
Ouch! That really hurt!
You die...

....#.# ..................'......
.####.#...................####...
..........................#####..
###.#.####.+########......#......
'...#.#!... ........#.#####
##..#...######### #.#..####
##.##...........# #.#..
##...........r..###.#..#
#..+.........r.g@.......
#.##..........J.####....
#.##............# .
#.##............#
#.##............#
#.#.....####...(# ..#.######
#>##.# ..'......# #.....
..##.###.# #......


You could see a gnoll, an endoplasm, a quokka and a rat.

Vanquished Creatures
  A ball python (D:1)
  A bat (D:1)
  3 endoplasms (D:1)
  A goblin (D:1)
  A hobgoblin (D:1)
  3 jackals (D:1)
  A quokka (D:1)
11 creatures vanquished.

Notes
Turn   | Place    | Note
-------+----------+-------------------------------------------
     0 | D:1      | Esekla the Vine Stalker Warper began the quest for the Orb.
     0 | D:1      | Reached XP level 1. HP: 11/11 MP: 4/4
    93 | D:1      | Reached XP level 2. HP: 15/15 MP: 6/6
   108 | D:1      | Learned a level 2 spell: Blink
   179 | D:1      | Slain by a gnoll

Illustrated notes

Levels and vault maps discovered:
D:1:      scummos_arrival_hexagon, layout_basic, minmay_pentomino_q4

Skill      XL: |  1  2 |
---------------+-------+-----
Fighting       | 2 |  2.1
Long Blades    | 2 |  2.0
Throwing       | |  0.8
Armour         | |  0.7
Dodging        | |  1.8
Spellcasting   | |  2.3
Translocations | |  3.1

Action                     || total
---------------------------++-------
  Melee: Falchion          ||    19
         Bite              ||     4
   Cast: Blink             ||     1
 Armour: Leather armour    ||     8
  Dodge: Dodged            ||     6
